 Dungeon Crawl Stone Soup version 0.29.1-1-gd02db6906a (webtiles) character file.

Game seed: 3516877078573953910

4036 FastidiousMonk the Fighter (level 10, -10/145 HPs)
             Began as a Minotaur Berserker on Oct 4, 2022.
             Was an Elder of Trog.
             Mangled by a boulder beetle (12 damage)
             ... on level 8 of the Dungeon.
             The game lasted 01:02:10 (10934 turns).

FastidiousMonk the Fighter (Minotaur Berserker)    Turns: 10934, Time: 01:02:11

Health: -10/145    AC: 25    Str: 27    XL:     10   Next: 4%
Magic:  9/9        EV:  2    Int:  4    God:    Trog [****..]
Gold:   168        SH:  9    Dex:  9    Spells: 9/9 levels left

rFire   . . .      SeeInvis .   a - +1 hammer (holy)
rCold   . . .      Faith    .   u - +0 tower shield
rNeg    . . .      Spirit   .   (body armour currently unavailable)
rPois   +          Reflect  .   (helmet currently unavailable)
rElec   .          Harm     .   (cloak currently unavailable)
rCorr   .          Rampage  .   (gloves currently unavailable)
Will    +....      NoTele   +   (boots currently unavailable)
Stlth   +.........              (no amulet)
HPRegen 0.34/turn               l - +4 ring of slaying
MPRegen 0.11/turn               o - ring of willpower

@: tree-form, on berserk cooldown, slowed, very slow
A: stationary, stasis, torment immunity, boosted hp, (horns 2), (retaliatory
headbutt)
a: Renounce Religion, Berserk, Trog's Hand, Brothers in Arms


You were on level 8 of the Dungeon.
You worshipped Trog.
Trog was greatly pleased with you.
You were a tree.
You visited 2 branches of the dungeon, and saw 9 of its levels.

You collected 370 gold pieces.
You spent 202 gold pieces at shops.

Inventory:

Hand Weapons
 a - a +1 hammer of holy wrath (weapon)
 q - a +0 spear of freezing
 y - a +0 morningstar
 B - a +3 quarterstaff of chaos
 W - a +0 dire flail
Missiles
 b - 3 javelins (quivered)
 h - 74 stones
 J - a throwing net
 K - 2 boomerangs
 R - 13 poisoned darts
Armour
 r - a +0 pair of boots (melded)
 u - a +0 tower shield (worn)
 A - a +0 cloak (melded)
 I - a +0 ring mail of poison resistance
 P - a +3 chain mail of willpower (melded)
Jewellery
 l - a +4 ring of slaying (left branch)
 o - a ring of willpower (right branch)
 t - a ring of resist corrosion
 C - a ring of poison resistance
 F - a +6 ring of intelligence
 N - a ring of willpower
Wands
 n - a wand of charming (5)
 x - a wand of polymorph (17)
 H - a wand of flame (16)
 M - a wand of digging (5)
 O - a wand of roots (15)
Scrolls
 c - 2 scrolls of enchant weapon {unknown}
 d - a scroll of identify
 e - 5 scrolls of teleportation {unknown}
 f - a scroll of torment {unknown}
 i - 4 scrolls of fog {unknown}
 w - a scroll of vulnerability {unknown}
 D - 2 scrolls of fear {unknown}
 L - 2 scrolls of enchant armour {unknown}
 Q - a scroll of noise {unknown}
 T - a scroll of poison {unknown}
 U - a scroll of magic mapping {unknown}
Potions
 g - 2 potions of lignification
 j - 3 potions of cancellation
 k - 3 potions of heal wounds
 m - a potion of experience {unknown}
 p - 4 potions of curing {unknown}
 s - a potion of might {unknown}
 v - 2 potions of mutation
 z - a potion of attraction {unknown}
 E - 2 potions of berserk rage {unknown}
 G - 2 potions of magic
 S - 2 potions of invisibility {unknown}
 V - a potion of haste {unknown}


   Skills:
 - Level 12.1 Fighting
 + Level 5.2(7.6) Axes
 + Level 6.5(8.2) Maces & Flails
 + Level 5.2(7.2) Polearms
 + Level 5.2(7.5) Staves
 - Level 7.2 Armour
 - Level 2.1 Dodging


You had 9 spell levels left.
You didn't know any spells.
Your spell library contained the following spells:

 Spells                   Type           Power      Damage    Failure   Level
 Shock                    Conj/Air       0%         1d3       100%        1
 Ensorcelled Hibernation  Hex/Ice        0%         N/A       100%        2
 Spider Form              Tmut/Pois      0%         N/A       100%        3
 Swiftness                Air            0%         N/A       100%        3
 Airstrike                Air            0%         2d(0-16)  100%        4
 Anguish                  Hex/Necr       0%         N/A       100%        4


Dungeon Overview and Level Annotations

Branches:
Dungeon (8/15)             Temple (1/1) D:5            Lair (0/5) D:8

Altars:
Cheibriados
Dithmenos
Elyvilon
Fedhas
Gozag
Hepliaklqana
Kikubaaqudgha
Nemelex Xobeh
Okawaru
Sif Muna
Trog
Uskayaw
Vehumet
Wu Jian
Yredelemnul
The Shining One

Shops:
D:2 [   D:7 (

Annotations:
D:1 Altars-UnknownGod, D:2 Shop, D:3 RuneDoor
D:4 Altars-Fedhas, D:5 EcumenicalTemple,6GraveStone,NastyTransporter,, Huetiris's ghost, novice MiFi
D:7 Shop, D:8 TheLair,Altars-Elyvilon, Temple 16Altars


Innate Abilities, Weirdness & Mutations

You are a tree.
Your roots penetrate the ground, keeping you stationary.
You cannot be teleported.
You are immune to unholy pain and torment.
Your maximum health is greatly increased.
Your equipment is partially melded.
((You have a pair of horns on your head.))
((You reflexively headbutt those who attack you in melee.))


Message History

You feel your anger nearly subside.
You are no longer berserk.
You are exhausted.
You feel yourself slow down.
The boulder beetle curls into a ball and begins rolling!
The boulder beetle closely misses you.
The boulder beetle stops rolling and uncurls.
Okay, then.
You feel much better. You block the boulder beetle's attack.
You completely miss the boulder beetle.
The boulder beetle is heavily wounded.
The boulder beetle barely misses you. You furiously retaliate!
You headbutt the boulder beetle, but do no damage.
The boulder beetle bites you!
* * * LOW HITPOINT WARNING * * *
You hit the boulder beetle but do no damage.
You headbutt the boulder beetle!
The boulder beetle is severely wounded.
The boulder beetle bites you!
* * * LOW HITPOINT WARNING * * *
The boulder beetle bites you but does no damage.
You barely miss the boulder beetle.
The boulder beetle is severely wounded.
You block the boulder beetle's attack.
The boulder beetle bites you but does no damage.
You block the boulder beetle's attack.
You turn into a tree.
Your +0 cloak melds into your body.
Your +0 pair of boots melds into your body.
Your +3 chain mail of willpower melds into your body.
You feel less strong-willed.
Your roots penetrate the ground.
The boulder beetle bites you!
* * * LOW HITPOINT WARNING * * *
You hit the boulder beetle but do no damage.
The boulder beetle is heavily wounded.
The boulder beetle bites you but does no damage.
The boulder beetle bites you.
* * * LOW HITPOINT WARNING * * *
You hit the boulder beetle but do no damage.
The boulder beetle is heavily wounded.
You block the boulder beetle's attack. The boulder beetle bites you!
You die...

..........°°B)○...#
######.○○#######).#
♣...♣ #..# .o♣♣♣
#..# . #..# #..#
#.## #B# #♣# #.#
#.# #.# #.# #.# #.#
.♣ ♣. #.# ..♣ ♣.♣
#.#


You could see a boulder beetle.

Vanquished Creatures
  Pikel (D:4)
  An ugly thing (D:8)
  2 steam dragons
  Duvessa (D:7)
  An orc warrior (D:8)
  A black bear (D:4)
  An ice beast (D:6)
  A sky beast (D:8)
  3 ogres
  4 centaurs
  A lemure (D:4)
  2 phantoms (D:5)
  Blork the orc (D:5)
  3 bullfrogs (D:7)
  4 scorpions
  4 wights (D:8)
  A water moccasin zombie (D:5)
  Dowan (D:7)
  4 bullfrog zombies (D:5)
  An orc priest (D:4)
  Crazy Yiuf (D:3)
  A gnoll bouda (D:8)
  2 hounds
  2 jellies
  A bullfrog skeleton (D:5)
  Ijyb (D:5)
  An iguana (D:6)
  8 orc wizards
  Natasha (thrice) (D:3)
  2 hound zombies (D:5)
  A hound skeleton (D:5)
  A howler monkey zombie (D:5)
  Robin (D:2)
  4 gnolls (D:6)
  8 adders
  A shadow imp (D:6)
  A white imp (D:6)
  2 ufetubi (D:6)
  An adder zombie (D:5)
  2 worms
  16 orcs
  8 endoplasms
  3 giant cockroaches
  14 goblins
  10 hobgoblins
  4 jackals (D:3)
  8 quokkas
  6 ball pythons
  2 bats (D:3)
  6 frilled lizards
  10 kobolds
  5 rats
174 creatures vanquished.

Vanquished Creatures (others)
  A plant (D:7)
  A withered plant (D:5)
2 creatures vanquished.

Grand Total: 176 creatures vanquished

Notes
Turn   | Place    | Note
-------+----------+-------------------------------------------
     0 | D:1      | FastidiousMonk the Minotaur Berserker began the quest for
                  | the Orb.
     0 | D:1      | Reached XP level 1. HP: 19/19 MP: 0/0
    11 | D:1      | You fall into a shaft and drop 1 floor!
    11 | D:2      | Found Heosos's Antique Armour Shop.
    50 | D:2      | Reached skill level 4 in Fighting
    50 | D:2      | Reached XP level 2. HP: 28/28 MP: 1/1
   176 | D:1      | Found a faded altar of an unknown god.
   616 | D:1      | Reached skill level 5 in Fighting
   830 | D:1      | Reached XP level 3. HP: 36/36 MP: 2/2
  1915 | D:2      | Reached ** piety under Trog
  2352 | D:2      | Reached XP level 4. HP: 44/44 MP: 3/3
  2353 | D:2      | Reached skill level 6 in Fighting
  2376 | D:2      | Noticed Robin
  2399 | D:2      | Killed Robin
  2842 | D:3      | Noticed Natasha
  2850 | D:3      | Killed Natasha
  3174 | D:3      | Reached XP level 5. HP: 34/51 MP: 4/4
  3317 | D:3      | Reached skill level 7 in Fighting
  3377 | D:3      | Noticed Natasha
  3391 | D:3      | Killed Natasha
  3491 | D:3      | Found a runed translucent door.
  3492 | D:3      | Noticed Crazy Yiuf
  3609 | D:3      | Reached *** piety under Trog
  3748 | D:3      | Killed Crazy Yiuf
  4050 | D:4      | Reached skill level 8 in Fighting
  4162 | D:4      | Reached XP level 6. HP: 48/61 MP: 5/5
  5067 | D:4      | Noticed Pikel
  5079 | D:4      | Killed Pikel
  5080 | D:4      | Reached skill level 10 in Fighting
  5080 | D:4      | Reached XP level 7. HP: 73/73 MP: 6/6
  5181 | D:4      | Found a blossoming altar of Fedhas.
  5199 | D:4      | Reached skill level 11 in Fighting
  5337 | D:4      | Noticed a steam dragon
  5344 | D:4      | Killed a steam dragon
  5345 | D:4      | Reached XP level 8. HP: 83/83 MP: 7/7
  5846 | D:5      | Entered Level 5 of the Dungeon
  5873 | D:5      | Reached skill level 12 in Fighting
  5961 | D:5      | Noticed Ijyb
  5988 | D:5      | Killed Ijyb
  6063 | D:5      | Found a staircase to the Ecumenical Temple.
  6144 | D:5      | Noticed Huetiris's ghost (novice MiFi)
  6267 | D:5      | Reached skill level 5 in Armour
  6362 | D:5      | Found a transporter.
  6366 | D:5      | Found a transporter.
  6641 | D:5      | Noticed Blork the orc
  6647 | D:5      | Killed Blork the orc
  6892 | D:5      | Reached skill level 1 in Axes
  6892 | D:5      | Reached skill level 1 in Polearms
  6892 | D:5      | Reached skill level 1 in Staves
  7041 | Temple   | Entered the Ecumenical Temple
  7402 | D:6      | Reached XP level 9. HP: 75/90 MP: 8/8
  8651 | D:3      | Noticed Natasha
  8661 | D:3      | Killed Natasha
  8825 | D:2      | Bought a shiny chain mail for 202 gold pieces
  9120 | D:7      | Noticed Dowan
  9122 | D:7      | Noticed Duvessa
  9132 | D:7      | Killed Dowan
  9140 | D:7      | Killed Duvessa
  9141 | D:7      | Reached skill level 5 in Maces & Flails
  9281 | D:7      | Found Wurong's Hydra Hut.
  9284 | D:7      | Noticed a six-headed hydra
 10210 | D:8      | Found a staircase to the Lair.
 10386 | D:8      | Found a white marble altar of Elyvilon.
 10445 | D:8      | Reached **** piety under Trog
 10799 | D:8      | Noticed a green ugly thing
 10812 | D:8      | Killed a green ugly thing
 10813 | D:8      | Reached skill level 5 in Axes
 10813 | D:8      | Reached skill level 5 in Polearms
 10813 | D:8      | Reached skill level 5 in Staves
 10813 | D:8      | Reached XP level 10. HP: 97/97 MP: 9/9
 10907 | D:8      | Noticed a boulder beetle
 10932 | D:8      | HP: 3/145 [boulder beetle (17)]
 10934 | D:8      | Mangled by a boulder beetle

Illustrated notes

Levels and vault maps discovered:
D:1:      dpeg_arrival_round_b, layout_loops_corners,
          dreamdust_ecumenical_altar_statues
D:2:      layout_loops_ring, serial_shops, shop, uniq_robin
D:3:      layout_loops_ring, kennysheep_generic_room_8, uniq_natasha,
          uniq_crazy_yiuf_cottage
D:4:      layout_basic, fedhas_altar_1, uniq_pikel
D:5:      layout_loops_ring, minmay_temple_entry_grid, gammafunk_ghost_arena,
          serial_undead, serial_undead_d, serial_undead_a, serial_undead_c,
          serial_undead_d, uniq_blork_the_orc, uniq_ijyb
D:6:      layout_loops_ring, serial_park_tiny_2
D:7:      layout_basic, chequers_serial_rivers_small_b, doesnt_shop_hydraphobe,
          uniq_duvessa
D:8:      nzn_winding_woodlands_small [nzn_winding_woodlands_5x15_pockets,
          nzn_winding_woodlands_center_diamonds,
          nzn_winding_woodlands_5x15_zeroes], layout_cave_pools,
          mainiacjoe_overflow_alcove_4, lair_entry_dummy,
          minmay_fractal_squares_5
Temple:   minmay_temple_curvy_branch

Skill      XL: |  1  2  3  4  5  6  7  8  9 |
---------------+----------------------------+-----
Fighting       | 4 5 6 8 10 11 12 | 12.1
Armour         | 7 |  7.2
Axes           | 1 5 |  5.2
Polearms       | 1 5 |  5.2
Staves         | 1 5 |  5.2
Maces & Flails | 4 6 |  6.5
Dodging        | |  2.1

Action                   |  1- 3 |  4- 6 |  7- 9 | 10-12 || total
-------------------------+-------+-------+-------+-------++-------
Melee: Mace              |    77 |   121 |   199 |     9 ||   406
       Headbutt          |     6 |    16 |    27 |     4 ||    53
       Punch             |     1 |       |       |       ||     1
       Unarmed           |       |     3 |       |       ||     3
       Morningstar       |       |       |     7 |       ||     7
Throw: Javelin           |       |     3 |       |       ||     3
Invok: Berserk           |     2 |     7 |     8 |     1 ||    18
       Trog's Hand       |       |       |     1 |       ||     1
  Use: Scroll            |       |       |     6 |       ||     6
       Potion            |       |       |       |     2 ||     2
Armor: Animal skin       |     3 |       |       |       ||     3
       Ring mail         |    10 |    33 |    52 |       ||    95
       Chain mail        |       |       |    76 |     2 ||    78
       Skin              |       |       |       |     1 ||     1
Dodge: Dodged            |    39 |    37 |    68 |     3 ||   147
Block: Tower shield      |       |    28 |   111 |     5 ||   144
       Buckler           |       |     1 |       |       ||     1
